 Dungeon Crawl Stone Soup version 0.16.0-5-g717f7e7 (console) character file.

6837 gw the Cruncher (level 11, -16/68 HPs)
             Began as a Gargoyle Gladiator on Mar 15, 2015.
             Was a Priest of Qazlal.
             Hit by a large rock thrown by a cyclops (21 damage)
             ... on level 11 of the Dungeon.
             The game lasted 00:20:48 (12642 turns).

gw the Cruncher (Gargoyle Gladiator)               Turns: 12642, Time: 00:20:48

Health: -16/68     AC: 20    Str: 18    XL:     11   Next: 5%
Magic:  22/22      EV: 10    Int: 10    God:    Qazlal [***...]
Gold:   746        SH:  4    Dex: 13    Spells: 0 memorised, 10 levels left

rFire  + . .     SeeInvis .     a - +3 quarterstaff
rCold  . . .     Clarity  .     s - +1 scale mail {rF+}
rNeg   + . .     SustAb   .     (no shield)
rPois  ∞         Gourm    .     c - +0 helmet
rElec  +         Spirit   .     e - +0 cloak
rCorr  .         Warding  .     (no gloves)
rMut   .         Stasis   .     i - +0 pair of boots
MR     .....                    (no amulet)
Stlth  ..........               (no ring)
                                (no ring)

@: not resistant to hostile enchantments, extremely unstealthy
A: negative energy resistance 1, electricity resistance, unbreathing,
petrification resistance, rot immunity, AC +7
a: Upheaval, Elemental Force, Renounce Religion


You were on level 11 of the Dungeon.
You worshipped Qazlal.
Qazlal was most pleased with you.
You were not hungry.

You visited 2 branches of the dungeon, and saw 12 of its levels.
You also visited: Ossuary.

You collected 746 gold pieces.

Inventory:

Hand weapons
 a - a +3 quarterstaff (weapon)
Missiles
 d - 3 throwing nets
 j - 7 needles of confusion
 l - 230 stones
 p - 35 poisoned needles
 t - 2 javelins (quivered)
Armour
 c - a +0 helmet (worn)
 e - a +0 cloak (worn)
 i - a +0 pair of boots (worn)
 s - a +1 scale mail of fire resistance (worn)
Magical devices
 m - a wand of cold (0)
 r - a wand of frost (29)
Scrolls
 g - 14 scrolls of identify
 q - 3 scrolls of remove curse
 v - a scroll of recharging
Potions
 b - 3 potions of curing
 k - 2 potions of brilliance
Comestibles
 f - 9 bread rations
 h - 5 beef jerkies
 n - 4 meat rations
 o - 7 slices of pizza


   Skills:
 + Level 7.7 Fighting
 + Level 9.5 Staves
 + Level 7.4 Throwing
 + Level 7.5 Armour
 - Level 2.4 Dodging
 * Level 7.6 Invocations


You had 10 spell levels left.
You didn't know any spells.

Dungeon Overview and Level Annotations

Branches:
Dungeon (11/15)            Temple (1/1) D:6            Lair (0/8) D:10
    Orc (0/4) D:9

Altars:
Ashenzari
Cheibriados
Dithmenos
Elyvilon
Fedhas
Gozag
Kikubaaqudgha
Makhleb
Nemelex Xobeh
Okawaru
Qazlal
Ru
Sif Muna
Trog
Vehumet
Xom
Yredelemnul
Zin
The Shining One
Beogh
Jiyva

Shops:
D:5 }

Annotations:
D:11 Dire's ghost, experienced FeBe


Innate Abilities, Weirdness & Mutations

You are resistant to torment.
You are immune to poison.
Your stone body is very resilient (AC +7).
You resist negative energy.
You are resistant to electric shocks.
You can survive without breathing.
You are immune to petrification.
You are immune to rotting.


Message History

The hound bites you.
Unknown command.
Unknown command.
Unknown command.
Unknown command.
ATTACK MOVE TO (0,1)
You hit the hobgoblin.
You kill the hobgoblin!
Qazlal accepts your kill. Dire's ghost hits you! The hound closely misses you.
Unknown command.
Unknown command.
Unknown command.
Unknown command.
ATTACK MOVE TO (1,0)
You miss Dire's ghost.
Dire's ghost is heavily damaged.
You block the hound's attack.
The cyclops throws a large rock.
The large rock hits you!!
You die...

### .......# ......#
..C...# .. .....# ### ..
.....+ .8## . #. #...#
... <..##
#..##'##¤¤.##.... .%..##
.......)9W.......
##...##........)%h.......
.##8.8# .................
# ##.## #..###..(..##....
####.####..###.....## ##
...#....#...........+
...#....+...........#
........#...........#
.>.................##


You could see a cyclops, a hound and Dire's ghost.

Table legend:
 A = Turns spent in this place as a percentage of turns spent in the entire game.
 B = Non-inter-level travel turns spent in this place as a percentage of non-inter-level travel turns spent in the entire game.
 C = Inter-level travel turns spent in this place as a percentage of turns spent in this place.
 D = Turns resting spent in this place as a percentage of non-inter-level travel turns spent in this place.
 E = Turns spent auto-exploring this place as a percentage of non-inter-level travel turns spent in this place.
 F = Non-inter-level travel turns spent in this place divided by the number of levels of this place that you've seen.
                   A       B       C       D       E      F
               +-------+-------+-------+-------+-------+----------------------
         Total | 100.0 | 100.0 |   0.3 |   0.6 |   1.7 | 2080.5
       Dungeon |  89.7 |  89.7 |   0.3 |   0.6 |   1.7 | 2205.9
        Temple |   0.6 |   0.6 |   0.6 |   1.3 |   3.9 | 155.0
       Ossuary |   9.7 |   9.7 |   0.0 |   0.3 |   1.4 | 2627.0
               +-------+-------+-------+-------+-------+----------------------

Table legend:
 A = Kills in this place as a percentage of kills in entire the game.
 B = Kills by you in this place as a percentage of kills by you in the entire game.
 C = Kills by friends in this place as a percentage of kills by friends in the entire game.
 D = Other kills in this place as a percentage of other kills in the entire game.
 E = Experience gained in this place as a percentage of experience gained in the entire game.
 F = Experience gained in this place divided by the number of levels of this place that you have seen.
                   A       B       C       D       E      F
               +-------+-------+-------+-------+-------+----------------------
         Total | 100.0 | 100.0 |  -nan |  -nan | 100.0 | 751.4
       Dungeon |  93.1 |  93.1 |  -nan |  -nan |  97.6 | 866.7
       Ossuary |   6.9 |   6.9 |  -nan |  -nan |   2.4 | 234.0
               +-------+-------+-------+-------+-------+----------------------

Vanquished Creatures
  The ghost of merphle the Vexing, an experienced DECj of Vehumet (D:6)
  2 hippogriffs (D:10)
  A human (D:8)
  Edmund (D:9)
  A water moccasin (D:10)
  8 ogres
  3 phantoms
  A black bear (D:10)
  A necrophage (D:7)
  3 ice beasts
  5 orc warriors
  3 sky beasts
  3 centaurs
  A wasp (D:7)
  2 big kobolds
  An elf zombie (Ossuary)
  8 giant frogs
  Blork the orc (D:9)
  4 scorpions
  6 killer bees (D:10)
  2 electric eels (D:10)
  5 crimson imps
  A goliath beetle (D:9)
  A centaur zombie (D:6)
  5 hounds
  4 jellies
  4 orc priests
  A human zombie (Ossuary)
  A gnoll shaman (D:7)
  2 centaur skeletons
  7 orc wizards
  Natasha (twice) (D:3)
  4 iguanas
  12 worker ants
  Ijyb (D:2)
  A big kobold zombie (Ossuary)
  4 sheep (D:8)
  4 mummies
  Robin (D:3)
  3 gnolls (D:7)
  6 adders
  A shadow imp (D:3)
  3 worms
  5 adder zombies
  5 giant geckos
  29 orcs
  3 ball pythons
  16 bats
  A bat skeleton (D:6)
  2 bat zombies
  5 giant cockroaches
  A gnoll zombie (Ossuary)
  31 goblins
  18 hobgoblins
  3 jackals
  19 kobolds
  7 quokkas
  A giant gecko skeleton (D:4)
  2 giant newts
  2 goblin zombies (Ossuary)
  4 hobgoblin zombies (Ossuary)
  3 kobold zombies
  A quokka skeleton (D:8)
  2 quokka zombies
  13 rats
  A rat zombie (Ossuary)
  A ballistomycete (D:11)
306 creatures vanquished.

Vanquished Creatures (others)
  An orc wizard (D:6)
  An orc priest (D:6)
  2 orcs (D:6)
  A giant spore (D:11)
5 creatures vanquished.

Grand Total: 311 creatures vanquished

Notes
Turn   | Place    | Note
--------------------------------------------------------------
     0 | D:1      | gw, the Gargoyle Gladiator, began the quest for the Orb.
     0 | D:1      | Reached XP level 1. HP: 12/12 MP: 1/1
   289 | D:1      | Reached XP level 2. HP: 15/17 MP: 2/2
   587 | D:1      | Reached XP level 3. HP: 22/22 MP: 3/3
   799 | D:2      | Reached skill level 1 in Armour
   890 | D:2      | Found a radiant altar of Vehumet.
   993 | D:2      | Noticed Ijyb
  1023 | D:2      | Killed Ijyb
  1063 | D:2      | Reached XP level 4. HP: 22/27 MP: 4/4
  1789 | D:2      | Found a shimmering altar of Xom.
  1808 | D:2      | Found a burning altar of Makhleb.
  1935 | D:3      | Reached skill level 4 in Staves
  2097 | D:3      | Reached XP level 5. HP: 30/32 MP: 5/5
  2480 | D:3      | Found a sparkling altar of Nemelex Xobeh.
  2626 | D:3      | Noticed Natasha
  2633 | D:3      | Killed Natasha
  3013 | D:4      | Found a sand-covered staircase.
  3027 | D:4      | Reached XP level 6. HP: 35/37 MP: 6/6
  3056 | Ossuary  | Entered an ossuary
  3070 | Ossuary  | Reached skill level 5 in Staves
  3678 | Ossuary  | Reached XP level 7. HP: 43/43 MP: 7/7
  4430 | D:4      | Noticed an ogre
  4443 | D:4      | Killed an ogre
  5086 | D:5      | Entered Level 5 of the Dungeon
  5127 | D:5      | Reached skill level 6 in Staves
  5127 | D:5      | Reached XP level 8. HP: 27/48 MP: 8/8
  5330 | D:5      | Found Xuorphar's Gadget Emporium.
  5413 | D:5      | Reached skill level 5 in Fighting
  5579 | D:5      | Reached skill level 5 in Throwing
  5951 | D:5      | Reached skill level 7 in Staves
  6203 | D:6      | Reached skill level 5 in Armour
  6248 | D:6      | Reached XP level 9. HP: 42/55 MP: 9/9
  6397 | D:6      | Found a basalt altar of Yredelemnul.
  6397 | D:6      | Found a bloodstained altar of Trog.
  6665 | D:6      | Found a staircase to the Ecumenical Temple.
  6675 | Temple   | Entered the Ecumenical Temple
  6679 | Temple   | Became a worshipper of Qazlal Stormbringer
  6888 | D:6      | Noticed merphle's ghost (experienced DECj)
  6900 | D:6      | Killed merphle's ghost
  6900 | D:6      | Reached skill level 8 in Staves
  7608 | D:3      | Noticed Natasha
  7611 | D:3      | Killed Natasha
  7701 | D:3      | Noticed Robin
  7710 | D:3      | Killed Robin
  8317 | D:7      | Acquired Qazlal's first power
  8360 | D:7      | Found a blossoming altar of Fedhas.
  8799 | D:7      | Reached XP level 10. HP: 59/61 MP: 18/18
  9066 | D:7      | Found a glowing silver altar of Zin.
  9378 | D:8      | Found an opulent altar of Gozag.
  9459 | D:8      | Reached skill level 5 in Invocations
  9662 | D:8      | Acquired Qazlal's second power
 10051 | D:8      | Found a deep blue altar of Sif Muna.
 10411 | D:9      | Found a staircase to the Orcish Mines.
 10453 | D:9      | Noticed Edmund
 10456 | D:9      | Killed Edmund
 10537 | D:9      | Found a roughly hewn altar of Beogh.
 10756 | D:9      | Noticed Blork the orc
 10762 | D:9      | Killed Blork the orc
 10965 | D:9      | Reached skill level 9 in Staves
 11444 | D:10     | Entered Level 10 of the Dungeon
 11482 | D:10     | Acquired Qazlal's third power
 12078 | D:10     | Reached XP level 11. HP: 48/67 MP: 22/22
 12283 | D:10     | Found a staircase to the Lair.
 12578 | D:11     | Noticed Dire's ghost (experienced FeBe)
 12642 | D:11     | Hit by a large rock thrown by a cyclops

Action                   |  1- 3 |  4- 6 |  7- 9 | 10-12 || total
-------------------------+-------+-------+-------+-------++-------
Melee: Quarterstaff      |    67 |   142 |   227 |   236 ||   672
Throw: Stone             |    39 |   154 |   198 |   236 ||   627
       Tomahawk          |       |    14 |    64 |       ||    78
       Javelin           |       |       |       |     2 ||     2
Evoke: Wand              |       |       |       |     2 ||     2
  Use: Scroll            |     4 |     4 |     3 |     3 ||    14
       Potion            |     2 |     1 |     8 |       ||    11
  Eat: Chunk             |     1 |     7 |    13 |     8 ||    29
       Bread ration      |       |       |     1 |     1 ||     2

Vault maps used:
D:1:      erik_arrival_triangle_small
D:2:      kennysheep_the_goblin_king, grunt_temple_overflow_open,
          lemuel_doored_altar
D:3:      nemelex_xobeh_ov_fountains_minmay, first_bread, uniq_natasha,
          uniq_robin
D:4:      enter_ossuary_3
D:5:      serial_shops, nicolae_shop_temple_entry_statues_fountains,
          kennysheep_generic_room_9
D:6:      gammafunk_temple_overflow_elements, lemuel_temple_firewalk_marked,
          corexii_hall_statues_l
D:7:      zin_academy, lemuel_crystal_altar
D:8:      nicolae_overflow_hidden_temple, tgw_sif, grunt_livestock,
          minmay_misc_feat_cross
D:9:      minmay_orc_entry_temple_small, uniq_blork_the_orc, uniq_edmund
D:11:     nicolae_trove_entry_free_sample, special_room, grunt_ministairs_8,
          trog_ov_bears_minmay, uniq_erolcha
Temple:   pf_slimified_temple
Ossuary:  ossuary_minmay_chase
